 Dungeon Crawl Stone Soup version 0.16.2-2-g470672f (webtiles) character file.

86 CrazyArbalest the Bolt Thrower (level 4, -7/36 HPs)
             Began as a Centaur Hunter on Aug 23, 2015.
             Mangled by CrazyArbalest's ghost (12 damage)
             ... on level 3 of the Dungeon.
             The game lasted 00:10:19 (1846 turns).

CrazyArbalest the Bolt Thrower (Centaur Hunter)     Turns: 1846, Time: 00:10:19

Health: -7/36      AC:  4    Str: 15    XL:     4   Next: 26%
Magic:  3/3        EV:  9    Int: 10    God:
Gold:   47         SH:  0    Dex: 10    Spells: 0 memorised, 3 levels left

rFire  . . .     SeeInvis .     b - +1 hand crossbow
rCold  . . .     Clarity  .     d - +0 leather armour
rNeg   . . .     SustAb   .     (no shield)
rPois  .         Gourm    .     (no helmet)
rElec  .         Spirit   .     (no cloak)
rCorr  .         Warding  .     (no gloves)
rMut   .         Stasis   .     (no barding)
MR     .....                    (no amulet)
Stlth  +.........               (no ring)
                                (no ring)

@: lethally poisoned (-7 -> -16), very quick, not resistant to hostile
enchantments, very unstealthy
A: hooves 3, deformed body, speed 2, tough skin 3
a: no special abilities


You were on level 3 of the Dungeon.
You were not hungry.

You visited 1 branch of the dungeon, and saw 3 of its levels.

You collected 47 gold pieces.

Inventory:

Hand weapons
 a - a +0 flail
 b - a +1 hand crossbow (weapon)
 s - a +0 mace
Missiles
 c - 10 bolts (quivered)
Armour
 d - a +0 leather armour (worn)
 n - a +0 ring mail
 p - a +0 ring mail
 q - a +0 helmet
Jewellery
 g - an uncursed amulet of regeneration {unknown}
Scrolls
 e - 2 scrolls of enchant weapon {unknown}
 h - 4 scrolls of identify {unknown}
 k - 4 scrolls of remove curse {unknown}
 r - a scroll of fear {unknown}
 t - a scroll of amnesia {unknown}
 x - 2 scrolls of blinking {unknown}
Potions
 i - a potion of flight {unknown}
 u - a potion of poison {unknown}
 w - a potion of restore abilities {unknown}
Comestibles
 f - a bread ration
 j - 4 chunks of flesh
 l - 2 slices of pizza
 o - a meat ration
 v - 2 fruits


   Skills:
 + Level 2.2 Fighting
 + Level 0.3 Maces & Flails
 * Level 5.5 Crossbows
 + Level 1.0 Armour
 + Level 1.8 Dodging
 + Level 0.6 Stealth


You had 3 spell levels left.
You didn't know any spells.

Dungeon Overview and Level Annotations

Branches:
Dungeon (3/15)

Altars:

Annotations:
D:3 CrazyArbalest's ghost, average CeHu


Innate Abilities, Weirdness & Mutations

You have hooves in place of feet.
Armour fits poorly on your strangely shaped body.
You cover ground very quickly.
You have extremely tough skin (AC +3).


Message History

CrazyArbalest's ghost hits you but does no damage.
Firing (i - inventory):
c - 12 bolts (quivered)
Press: ? - help, Shift-Dir - straight line, f/p - CrazyArbalest's ghost
Aim: CrazyArbalest's ghost (moderately damaged)
You shoot a bolt.
The bolt barely misses CrazyArbalest's ghost.
The bolt hits the rat!
You kill the rat!
* * * LOW HITPOINT WARNING * * *
You feel sick.
CrazyArbalest's ghost closely misses you.
CrazyArbalest's ghost barely misses you.
Firing (i - inventory):
c - 11 bolts (quivered)
Press: ? - help, Shift-Dir - straight line, f/p - CrazyArbalest's ghost
Aim: CrazyArbalest's ghost (moderately damaged)
You shoot a bolt. The bolt hits CrazyArbalest's ghost!
CrazyArbalest's ghost is severely damaged.
* * * LOW HITPOINT WARNING * * *
You feel sick. CrazyArbalest's ghost hits you!
You die...

#.....#.#
#######.# #.# #..
#.# #.# #.# #.#
#.# #.### #...####
#...##@#
#######<..##W#
............((####
####....S.......#
#........(####
#.##[..#### #.
#...# # #...#
##.##


You could see CrazyArbalest's ghost.

Vanquished Creatures
  3 adders (D:3)
  2 worms (D:2)
  2 giant geckos (D:2)
  An ooze (D:2)
  2 giant cockroaches
  6 hobgoblins
  4 jackals (D:3)
  6 kobolds
  A quokka (D:3)
  A ball python (D:2)
  3 bats
  2 giant newts
  7 goblins
  3 rats
43 creatures vanquished.

Vanquished Creatures (others)
  4 toadstools (D:1)
4 creatures vanquished.

Grand Total: 47 creatures vanquished

Notes
Turn   | Place    | Note
--------------------------------------------------------------
     0 | D:1      | CrazyArbalest, the Centaur Hunter, began the quest for the Orb.
     0 | D:1      | Reached XP level 1. HP: 17/17 MP: 1/1
   388 | D:1      | Reached XP level 2. HP: 16/24 MP: 2/2
   616 | D:1      | You fall through a shaft!
   667 | D:2      | Reached skill level 5 in Crossbows
   890 | D:2      | Reached XP level 3. HP: 29/29 MP: 3/3
  1660 | D:3      | Reached XP level 4. HP: 21/36 MP: 3/3
  1728 | D:3      | Reached skill level 1 in Armour
  1767 | D:3      | HP: 1/36 [jackal (3)]
  1826 | D:3      | Noticed CrazyArbalest's ghost (average CeHu)
  1846 | D:3      | Mangled by CrazyArbalest's ghost

Action                   |  1- 3 |  4- 6 || total
-------------------------+-------+-------++-------
Melee: Club              |    74 |       ||    74
       Short sword       |    16 |       ||    16
       Flail             |    27 |    45 ||    72
       Mace              |     7 |       ||     7
 Fire: Hand crossbow     |    11 |     9 ||    20
  Use: Potion            |     1 |     3 ||     4
  Eat: Chunk             |     2 |       ||     2
